 Dungeon Crawl Stone Soup version 0.28-a0-172-g787e458d71 (webtiles) character file.

Game seed: 9976925458069341669

35 superduper the Poker (level 3, 0/49 HPs)
             Began as a Minotaur Berserker on Aug 17, 2021.
             Was a Follower of Trog.
             Succumbed to a kobold's poison
             ... on level 3 of the Dungeon.
             The game lasted 00:11:43 (967 turns).

superduper the Poker (Minotaur Berserker)            Turns: 967, Time: 00:11:47

Health: 0/49       AC: 21    Str: 22    XL:     3   Next: 16%
Magic:  2/2        EV:  2    Int:  4    God:    Trog [*.....]
Gold:   21         SH:  0    Dex:  9    Spells: 2/2 levels left

rFire   . . .      SeeInvis .   j - +0 war axe
rCold   . . .      Faith    .   (no shield)
rNeg    + + +      Spirit   .   (armour currently unavailable)
rPois   +          Reflect  .   (helmet currently unavailable)
rElec   .          Harm     .   (cloak currently unavailable)
rCorr   .          Rampage  .   (gloves currently unavailable)
Will    .....      NoTele   +   (boots currently unavailable)
Stlth   +.........              (no amulet)
HPRegen 0.16/turn               (no ring)
MPRegen 0.08/turn               (no ring)

@: lethally poisoned (0 -> -1), tree-form
A: stationary, stasis, torment immunity, boosted hp, (horns 2), (retaliatory
headbutt)
a: Renounce Religion, Berserk


You were on level 3 of the Dungeon.
You worshipped Trog.
Trog was aware of your devotion.
You were a tree.
You visited 1 branch of the dungeon, and saw 3 of its levels.

You collected 21 gold pieces.

Inventory:

Hand Weapons
 a - a +0 spear
 j - a +0 war axe (weapon)
Armour
 b - a +0 animal skin (melded)
 c - a +0 plate armour
Jewellery
 i - an amulet of guardian spirit
Scrolls
 d - a scroll of magic mapping {unknown}
 e - 3 scrolls of teleportation {unknown}
 f - a scroll of brand weapon {unknown}
 h - a scroll of silence {unknown}


   Skills:
 + Level 4.2 Fighting
 + Level 4.3 Polearms
 + Level 2.7 Armour
 + Level 2.5 Dodging


You had 2 spell levels left.
You didn't know any spells.
Your spell library was empty.

Dungeon Overview and Level Annotations

Branches:
Dungeon (3/15)

Altars:

Shops:
D:3 [

Annotations:
D:3 Terence


Innate Abilities, Weirdness & Mutations

You are a tree.
Your roots penetrate the ground, keeping you stationary.
You cannot be teleported.
You are immune to unholy pain and torment.
Your maximum health is greatly increased.
Your equipment is partially melded.
((You have a pair of horns on your head.))
((You reflexively headbutt those who attack you in melee.))


Message History

The orc priest calls down the wrath of Beogh upon you.
Pain shoots through your body!
The kobold throws a poisoned dart.
The poisoned dart hits you!
You are poisoned.
You feel very sick.
The kobold throws a poisoned dart.
The poisoned dart closely misses you.
You feel sick.
You feel sick.
Things that are here:
a +0 club; a kobold corpse You feel sick.
You feel sick.
The kobold throws a poisoned dart.
The poisoned dart barely misses you.
You feel sick.
The kobold throws a poisoned dart.
The poisoned dart hits you.
You are lethally poisoned!
* * * LOW HITPOINT WARNING * * *
You feel sick.
* * * LOW HITPOINT WARNING * * *
You feel sick.
* * * LOW HITPOINT WARNING * * *
You feel sick.
It was a potion of lignification.
You turn into a tree.
Your +0 animal skin melds into your body.
Your roots penetrate the ground.
* * * LOW HITPOINT WARNING * * *
You feel sick.
You start putting on your amulet.
You continue putting on your amulet of guardian spirit.
Keep equipping yourself? [Y]es or [N]o only, please.
Keep equipping yourself? [Y]es or [N]o only, please.
Keep equipping yourself?
* * * LOW HITPOINT WARNING * * *
You feel sick.
You continue putting on your amulet of guardian spirit.
* * * LOW HITPOINT WARNING * * *
You feel sick.
You continue putting on your amulet of guardian spirit.
You die...

#...# #...# ##.## #.#
##.###### ##...#...# . #..#..#
#.## ...
######.<..#####.#####.# ....
.......##.##....♣.....#
####..>.
######.##.##.##.####### #...
.#
####...##.#.#.##########.##..#
#........†.......).Ko.o......#
#.##.......#############@#...#
# ##.####†####### #.....# #.#
#.#..§..## ###...... #.#
#...≈≈≈..# ...##. #.#
#..≈§≈≈≈.# o...


There were no monsters in sight!

Vanquished Creatures
  2 dart slugs
  3 orcs
  2 ball pythons
  A giant cockroach (D:1)
  A goblin (D:1)
  3 hobgoblins (D:1)
  3 jackals (D:2)
  2 quokkas (D:1)
  3 bats
  2 frilled lizards (D:1)
  2 kobolds
  2 rats
26 creatures vanquished.

Vanquished Creatures (others)
  2 fungi (D:2)
2 creatures vanquished.

Grand Total: 28 creatures vanquished

Notes
Turn   | Place    | Note
-------+----------+-------------------------------------------
     0 | D:1      | superduper the Minotaur Berserker began the quest for the
                  | Orb.
     0 | D:1      | Reached XP level 1. HP: 19/19 MP: 0/0
   124 | D:1      | Reached XP level 2. HP: 23/27 MP: 1/1
   826 | D:3      | Reached XP level 3. HP: 14/33 MP: 2/2
   906 | D:3      | Found Hoacki's Armour Boutique.
   950 | D:3      | Noticed Terence
   964 | D:3      | HP: 2/49 [poisoned by a kobold]
   967 | D:3      | Succumbed to a kobold's poison

Illustrated notes

Levels and vault maps discovered:
D:1:      dpeg_arrival_oval, layout_basic, serial_park_tiny_1
D:2:      layout_loops_corners, corexii_item_surrounded_by_moat,
          minmay_pentomino_q2, uniq_robin, uniq_crazy_yiuf_cottage
D:3:      layout_loops_ring, shapermc_ecumenical_altar_mp_vishouse,
          serial_shops, nicolae_lakefront_shop, uniq_terence

Skill      XL: |  1  2 |
---------------+-------+-----
Polearms       | 4 |  4.3
Fighting       | 4 |  4.2
Armour         | |  2.7
Dodging        | |  2.5

Action                   || total
-------------------------++-------
Melee: Spear             ||    64
       Headbutt          ||    15
       War axe           ||    14
  Use: Potion            ||     1
Armor: Plate armour      ||    28
       Animal skin       ||     1
Dodge: Dodged            ||    20

Table legend: (Time is in decaauts)
 A = Elapsed time spent in this place.
 B = Non-inter-level travel time spent in this place.
 C = Inter-level travel time spent in this place.
 D = Time resting spent in this place.
 E = Time spent auto-exploring this place.
 F = Levels seen in this place.
 G = Mean time per level.
                   A        B        C        D        E       F      G
               +--------+--------+--------+--------+--------+-----+--------+
         Total |    964 |    958 |      6 |      0 |      0 |   3 |  321.3 |
       Dungeon |    964 |    958 |      6 |      0 |      0 |   3 |  321.3 |
               +--------+--------+--------+--------+--------+-----+--------+

Top non-repeatable levels by time:
     D:1: 565 daAuts
     D:2: 300 daAuts
     D:3: 99 daAuts
